PCL
REDWOOD CITY REDWOODS @ HOUSTON HAMMERTIME
09/01/2028
 
TOP OF THE 1ST
Redwood City Redwoods batting - Pitching for Houston Hammertime : RHP Aaron Green
Pitching: RHP Aaron Green
Batting: RHB Robert Downing 0-0: Ball
1-0: Ball
2-0: SINGLE (Line Drive, 8LS)
Batting: LHB Keith Green 0-0: Called Strike
Robert Downing steals 2nd base
0-1: Called Strike
0-2: Ball
1-2: Fly out, F8 (Flyball, 8LM)
Batting: LHB Marcos Pérez 0-0: Ball
1-0: Fly out, F6 (Popup, 6D)
Batting: RHB Cheng-ho Qiao 0-0: Ball
1-0: Called Strike
1-1: Foul Ball, location: 2F
1-2: Ball
2-2: Ball
3-2: Strikes out swinging, 2-3 out at first.
Top of the 1st over - 0 run(s), 1 hit(s), 0 error(s), 1 left on base; Redwood City 0 - Houston 0
BOTTOM OF THE 1ST
Houston Hammertime batting - Pitching for Redwood City Redwoods : LHP Raúl Fernández
Pitching: LHP Raúl Fernández
Batting: RHB José García 0-0: Ball
1-0: Ball
2-0: Called Strike
2-1: Ball
3-1: Foul Ball, location: 2F
3-2: Foul Ball, location: 2F
3-2: Base on Balls
Batting: LHB António Camacho 0-0: Ball
1-0: Ball
2-0: Called Strike
2-1: Foul Ball, location: 2F
2-2: Ball
3-2: Ground out 4-3 (Groundball, 4)
José García to second
Batting: LHB Pat Jones 0-0: Called Strike
0-1: DOUBLE (Line Drive, 9LM)
José García scores
Batting: RHB John Major 0-0: Ball
1-0: Ball
2-0: SINGLE (Groundball, 56D)
Pat Jones to third
Batting: RHB David Hernández 0-0: Called Strike
0-1: Foul Ball, location: 2F
0-2: Ground out 5-3 (Groundball, 56S)
Pat Jones scores
John Major to second
Batting: RHB Victor Andrews 0-0: Foul Ball, location: 2F
0-1: Ball
1-1: Ground out 6-3 (Groundball, 6)
Bottom of the 1st over - 2 run(s), 2 hit(s), 0 error(s), 1 left on base; Redwood City 0 - Houston 2
TOP OF THE 2ND
Redwood City Redwoods batting - Pitching for Houston Hammertime : RHP Aaron Green
Batting: LHB Vicente Chávez 0-0: Called Strike
0-1: Ball
1-1: Ball
2-1: Fly out, F8 (Flyball, 8RS)
Batting: LHB Pedro Rodríguez 0-0: Called Strike
0-1: Foul Ball, location: 2F
0-2: Strikes out swinging
Batting: RHB Juan Robles 0-0: Called Strike
0-1: Foul Ball, location: 2F
0-2: Foul Ball, location: 2F
0-2: Ball
1-2: Strikes out swinging
Top of the 2nd over - 0 run(s), 0 hit(s), 0 error(s), 0 left on base; Redwood City 0 - Houston 2
BOTTOM OF THE 2ND
Houston Hammertime batting - Pitching for Redwood City Redwoods : LHP Raúl Fernández
Batting: RHB Dan Hooper 0-0: Ball
1-0: Ball
2-0: Called Strike
2-1: SOLO HOME RUN (Flyball, 78XD), Distance : 379 ft
Batting: RHB Luis Miguel Sánchez 0-0: Ball
1-0: Foul Ball, location: 2F
1-1: Ball
2-1: Fly out, F4 (Popup, 4D)
Batting: RHB Pedro Meza 0-0: Ground out 4-3 (Groundball, 4)
Batting: RHB José García 0-0: Called Strike
0-1: DOUBLE (Line Drive, 9LM)
Batting: LHB António Camacho 0-0: Called Strike
0-1: Foul Ball, location: 2F
0-2: Fly out, F5 (Line Drive, 56)
Bottom of the 2nd over - 1 run(s), 2 hit(s), 0 error(s), 1 left on base; Redwood City 0 - Houston 3
TOP OF THE 3RD
Redwood City Redwoods batting - Pitching for Houston Hammertime : RHP Aaron Green
Batting: RHB Héctor Vázquez 0-0: Ball
1-0: Called Strike
1-1: Ball
2-1: Foul Ball, location: 2F
2-2: Ball
3-2: Ground out 6-3 (Groundball, 56)
Batting: RHB Jesús Cuevas 0-0: Swinging Strike
0-1: Ball
1-1: Fly out, F6 (Line Drive, 56)
Batting: RHB Robert Downing 0-0: Called Strike
0-1: Foul Ball, location: 2F
0-2: Foul Ball, location: 2F
0-2: Ball
1-2: Strikes out looking
Top of the 3rd over - 0 run(s), 0 hit(s), 0 error(s), 0 left on base; Redwood City 0 - Houston 3
BOTTOM OF THE 3RD
Houston Hammertime batting - Pitching for Redwood City Redwoods : LHP Raúl Fernández
Batting: LHB Pat Jones 0-0: Foul Ball, location: 2F
0-1: Ball
1-1: Swinging Strike
1-2: Ball
2-2: Ball
3-2: Base on Balls
Batting: RHB John Major 0-0: Called Strike
0-1: Foul Ball, location: 2F
0-2: Strikes out looking
Batting: RHB David Hernández 0-0: Foul Ball, location: 2F
0-1: Fly out, F9 (Flyball, 9LM)
Batting: RHB Victor Andrews 0-0: Foul Ball, location: 2F
Pickoff Throw to First - Out!
Bottom of the 3rd over - 0 run(s), 0 hit(s), 0 error(s), 0 left on base; Redwood City 0 - Houston 3
TOP OF THE 4TH
Redwood City Redwoods batting - Pitching for Houston Hammertime : RHP Aaron Green
Batting: LHB Keith Green 0-0: Called Strike
0-1: Ball
1-1: Swinging Strike
1-2: Ball
2-2: Foul Ball, location: 2F
2-2: Foul Ball, location: 2F
2-2: Strikes out swinging
Batting: LHB Marcos Pérez 0-0: Ball
1-0: Foul Ball, location: 2F
1-1: Fly out, F7 (Flyball, 78D)
Batting: RHB Cheng-ho Qiao 0-0: Swinging Strike
0-1: Ball
1-1: Swinging Strike
1-2: Strikes out swinging
Top of the 4th over - 0 run(s), 0 hit(s), 0 error(s), 0 left on base; Redwood City 0 - Houston 3
BOTTOM OF THE 4TH
Houston Hammertime batting - Pitching for Redwood City Redwoods : LHP Raúl Fernández
Batting: RHB Victor Andrews 0-0: Ball
1-0: Swinging Strike
1-1: Swinging Strike
1-2: Ball
2-2: Ball
3-2: Base on Balls
Batting: RHB Dan Hooper 0-0: Ball
1-0: Ball
2-0: Called Strike
2-1: Ball
3-1: Swinging Strike
3-2: Foul Ball, location: 2F
3-2: Strikes out swinging
Batting: RHB Luis Miguel Sánchez 0-0: Ball
1-0: Ball
2-0: Ball
3-0: Called Strike
3-1: SINGLE (Groundball, 56D)
Victor Andrews to second
Batting: RHB Pedro Meza 0-0: Ball
1-0: Ground out 6-3 (Groundball, 6MD)
Victor Andrews to third
Luis Miguel Sánchez to second
Batting: RHB José García 0-0: Ball
1-0: Called Strike
1-1: Ball
2-1: Swinging Strike
2-2: Ball
3-2: Base on Balls
Batting: LHB António Camacho 0-0: Swinging Strike
0-1: Called Strike
0-2: Foul Ball, location: 2F
0-2: Foul Ball, location: 2F
0-2: Foul Ball, location: 2F
0-2: Foul Ball, location: 2F
0-2: Ball
1-2: Ball
2-2: Fly out, F8 (Flyball, 8LS)
Bottom of the 4th over - 0 run(s), 1 hit(s), 0 error(s), 3 left on base; Redwood City 0 - Houston 3
TOP OF THE 5TH
Redwood City Redwoods batting - Pitching for Houston Hammertime : RHP Aaron Green
Batting: LHB Vicente Chávez 0-0: Foul Ball, location: 2F
0-1: Ball
1-1: Ball
2-1: Foul Ball, location: 2F
2-2: Fly out, F8 (Flyball, 89S)
Batting: LHB Pedro Rodríguez 0-0: Called Strike
0-1: Ball
1-1: Ball
2-1: Ball
3-1: Base on Balls
Batting: RHB Juan Robles 0-0: Ball
1-0: Foul Ball, location: 2F
1-1: Grounds into double play, 5-4-3 (Groundball, 56)
Top of the 5th over - 0 run(s), 0 hit(s), 0 error(s), 0 left on base; Redwood City 0 - Houston 3
BOTTOM OF THE 5TH
Houston Hammertime batting - Pitching for Redwood City Redwoods : LHP Raúl Fernández
Batting: LHB Pat Jones 0-0: Ball
1-0: Called Strike
1-1: Ball
2-1: Ball
3-1: Base on Balls
Batting: RHB John Major 0-0: Ball
1-0: Foul Ball, location: 2F
1-1: SINGLE (Groundball, 34D)
Pat Jones to second
Pitching: RHP Domingo Franco
Batting: RHB David Hernández 0-0: Called Strike
0-1: Grounds into double play, 6-4-3 (Groundball, 6M)
Pat Jones to third
Batting: RHB Victor Andrews 0-0: Ground out 5-3 (Groundball, 5)
Bottom of the 5th over - 0 run(s), 1 hit(s), 0 error(s), 1 left on base; Redwood City 0 - Houston 3
TOP OF THE 6TH
Redwood City Redwoods batting - Pitching for Houston Hammertime : RHP Aaron Green
Batting: RHB Héctor Vázquez 0-0: Ball
1-0: Fly out, F7 (Line Drive, 7S)
Batting: RHB Jesús Cuevas 0-0: Ball
1-0: Ball
2-0: Called Strike
2-1: SINGLE (Groundball, 6MD)
Batting: RHB Robert Downing 0-0: Foul Ball, location: 2F
0-1: Called Strike
0-2: Strikes out swinging
Batting: LHB Keith Green 0-0: Foul Ball, location: 2F
0-1: Ball
1-1: Ball
2-1: SINGLE (Groundball, 34) (infield hit)
Jesús Cuevas to second
Batting: LHB Marcos Pérez 0-0: Ball
1-0: Ball
2-0: Called Strike
2-1: SINGLE (Groundball, 56) (infield hit)
Jesús Cuevas to third
Keith Green to second
Batting: RHB Cheng-ho Qiao 0-0: Swinging Strike
0-1: Ball
1-1: Swinging Strike
1-2: Strikes out looking
Top of the 6th over - 0 run(s), 3 hit(s), 0 error(s), 3 left on base; Redwood City 0 - Houston 3
BOTTOM OF THE 6TH
Houston Hammertime batting - Pitching for Redwood City Redwoods : RHP Domingo Franco
Batting: RHB Dan Hooper 0-0: Foul Ball, location: 2F
0-1: Ball
1-1: Ball
2-1: Ball
3-1: Base on Balls
Batting: RHB Luis Miguel Sánchez 0-0: Called Strike
0-1: Ball
1-1: Ball
2-1: Swinging Strike
2-2: Strikes out looking
Batting: RHB Pedro Meza 0-0: Called Strike
0-1: SINGLE (Line Drive, 56D)
Dan Hooper to second
Batting: RHB José García 0-0: Ball
1-0: Called Strike
1-1: Grounds into double play, 6-4-3 (Groundball, 6)
Bottom of the 6th over - 0 run(s), 1 hit(s), 0 error(s), 1 left on base; Redwood City 0 - Houston 3
TOP OF THE 7TH
Redwood City Redwoods batting - Pitching for Houston Hammertime : RHP Aaron Green
Batting: LHB Vicente Chávez 0-0: Ball
1-0: Ground out 4-3 (Groundball, 4)
Batting: LHB Pedro Rodríguez 0-0: Ball
1-0: Ball
2-0: Called Strike
2-1: Ball
3-1: Foul Ball, location: 2F
3-2: Foul Ball, location: 2F
3-2: Base on Balls
Batting: RHB Juan Robles 0-0: Called Strike
Pedro Rodríguez is caught stealing 2nd base
0-1: Ball
1-1: Ground out 4-3 (Groundball, 4S)
Top of the 7th over - 0 run(s), 0 hit(s), 0 error(s), 0 left on base; Redwood City 0 - Houston 3
BOTTOM OF THE 7TH
Houston Hammertime batting - Pitching for Redwood City Redwoods : RHP Domingo Franco
Batting: LHB António Camacho 0-0: Foul Ball, location: 2F
0-1: Ball
1-1: Ball
2-1: Ball
3-1: Fly out, F4 (Line Drive, 4)
Batting: LHB Pat Jones 0-0: Called Strike
0-1: Foul Ball, location: 2F
0-2: Foul Ball, location: 2F
0-2: Strikes out looking
Batting: RHB John Major 0-0: Ball
1-0: Ball
2-0: Ball
3-0: Called Strike
3-1: Ground out 1-3 (Groundball, 13)
Bottom of the 7th over - 0 run(s), 0 hit(s), 0 error(s), 0 left on base; Redwood City 0 - Houston 3
TOP OF THE 8TH
Redwood City Redwoods batting - Pitching for Houston Hammertime : RHP Aaron Green
Pitching: RHP José Ortíz
Batting: RHB Héctor Vázquez 0-0: Foul Ball, location: 2F
0-1: Ball
1-1: Called Strike
1-2: Strikes out swinging, 2-3 out at first.
Batting: RHB Jesús Cuevas 0-0: Ball
1-0: Called Strike
1-1: Ball
2-1: Called Strike
2-2: Ball
3-2: Strikes out swinging
Batting: RHB Robert Downing 0-0: Called Strike
0-1: Called Strike
0-2: Strikes out swinging
Top of the 8th over - 0 run(s), 0 hit(s), 0 error(s), 0 left on base; Redwood City 0 - Houston 3
BOTTOM OF THE 8TH
Houston Hammertime batting - Pitching for Redwood City Redwoods : RHP Domingo Franco
Batting: RHB David Hernández 0-0: Called Strike
0-1: Ball
1-1: Called Strike
1-2: DOUBLE (Flyball, 78D)
Batting: RHB Victor Andrews 0-0: Intentional Walk
Batting: RHB Dan Hooper 0-0: Called Strike
0-1: Ball
Wild Pitch!
David Hernández to third
Victor Andrews to second
1-1: Called Strike
1-2: Foul Ball, location: 2F
1-2: Ground out 6-3 (Groundball, 6)
Batting: RHB Luis Miguel Sánchez 0-0: Foul Ball, location: 2F
0-1: Ball
1-1: Ball
2-1: Ball
3-1: Base on Balls
Pinch Hitting: LHB Juan Cabañas 0-0: Called Strike
0-1: Fly out, F8 (Line Drive, 8RM)
Runner from 3rd tags up, OUT at HOME
Bottom of the 8th over - 0 run(s), 1 hit(s), 0 error(s), 2 left on base; Redwood City 0 - Houston 3
TOP OF THE 9TH
Redwood City Redwoods batting - Pitching for Houston Hammertime : RHP José Ortíz
Pitching: LHP Júlio Aguilar
Now at 2B: Manuel Pérez
Now in LF: Juan Cabañas
Batting: LHB Keith Green 0-0: Called Strike
0-1: Ball
1-1: Ground out 6-3 (Groundball, 6)
Batting: LHB Marcos Pérez 0-0: Ball
1-0: Ball
2-0: Called Strike
2-1: Foul Ball, location: 2F
2-2: Strikes out swinging
Batting: RHB Cheng-ho Qiao 0-0: Ball
1-0: Fly out, F9 (Flyball, 9D)
Top of the 9th over - 0 run(s), 0 hit(s), 0 error(s), 0 left on base; Redwood City 0 - Houston 3
Tuesday, August 8th, 2017 - OOTP Baseball 17.12 Build 75